 Dungeon Crawl Stone Soup version 0.29.0-4-gdea44cf6ec (webtiles) character file.

Game seed: 13831957338646623902

24168 qw the Brawler (level 12, -8/119 HPs)
             Began as a Troll Cinder Acolyte on Sept 1, 2022.
             Was a Believer of Okawaru.
             Mangled by a fire elemental (12 damage)
             ... created by the fiery vengeance of Ignis
             ... on level 4 of the Lair of Beasts.
             The game lasted 00:06:19 (11195 turns).

qw the Brawler (Troll Cinder Acolyte)              Turns: 11195, Time: 00:06:19

Health: -8/119     AC: 10    Str: 29    XL:     12   Next: 78%
Magic:  11/13      EV: 10    Int: 10    God:    Okawaru [**....]
Gold:   509        SH:  5    Dex:  5    Spells: 13/13 levels left

rFire   . . .      SeeInvis .     - Unarmed
rCold   . . .      Faith    .   (no shield)
rNeg    . . .      Spirit   .   l - +2 robe {Will+}
rPois   .          Reflect  +   (helmet restricted)
rElec   .          Harm     .   b - scarf {repulsion}
rCorr   .          Rampage  .   (gloves unavailable)
Will    +....                   (boots unavailable)
Stlth   ++........              o - amulet of reflection
HPRegen 1.09/turn               m - +4 ring of protection
MPRegen 0.13/turn               e - +4 ring of slaying {mikee}

@: about to teleport, heroic, repel missiles, fire susceptible
A: large, unfitting armour, claws 3, regeneration 1, shaggy fur 1, tough skin 1
a: Renounce Religion, Heroism


You were on level 4 of the Lair of Beasts.
You worshipped Okawaru.
Okawaru was pleased with you.
You visited 3 branches of the dungeon, and saw 13 of its levels.

You collected 649 gold pieces.
You spent 140 gold pieces at shops.


Innate Abilities, Weirdness & Mutations

You are too large for most types of armour.
You have claws for hands.
Your natural rate of healing is unusually fast.
You are covered in fur. (AC +1)
You have tough skin. (AC +1)


   Skills:
 - Level 8.0(13.0) Fighting
 - Level 5.2(10.2) Throwing
 + Level 0.0(5.0) Armour
 - Level 2.0(7.0) Dodging
 - Level 18.1(23.1) Unarmed Combat
 - Level 1.0 Spellcasting
 - Level 2.1 Fire Magic
 + Level 3.9 Invocations


You had 13 spell levels left.
You didn't know any spells.
Your spell library contained the following spells:

 Spells                   Type           Power      Damage    Failure   Level
 Scorch                   Fire           8%         2d5       22%         2

Inventory:

Missiles
 c - 7 javelins (quivered)
Armour
 a - the +1 robe of Idealism {+Inv Dex+5}
   (You found it on level 2 of the Lair of Beasts)

   Dex:       It affects your dexterity (+5).
   +Inv:      It lets you turn invisible.
 b - a scarf of repulsion (worn)
 l - a +2 robe of willpower (worn)
 n - a +0 cloak
Jewellery
 e - a +4 ring of slaying (right claw) {mikee}
 h - a ring of magical power
 m - a +4 ring of protection (left claw)
 o - an amulet of reflection (around neck)
Scrolls
 f - 6 scrolls of identify
 j - 3 scrolls of enchant armour
 k - a scroll of teleportation
 s - 2 scrolls of enchant weapon
Potions
 d - a potion of resistance
 g - a potion of haste
 i - 2 potions of might
 p - a potion of cancellation
 q - 2 potions of curing

Dungeon Overview and Level Annotations

Branches:
Dungeon (8/15)             Temple (1/1) D:4            Lair (4/5) D:8
  Swamp (0/4) Lair:2        Snake (0/4) Lair:3        Slime (0/5) Lair:4

Altars:
Ashenzari
Cheibriados
Dithmenos
Fedhas
Makhleb
Okawaru
Ru
Wu Jian
Xom
Zin

Shops:
D:3 *

Annotations:
Lair:1 1 runed translucent door, qw's ghost, journeyman TrCA


Message History

The fire elemental is moderately damaged.
The fire elemental hits you. The fire elemental burns you!
You closely miss the fire elemental. You claw the fire elemental.
The fire elemental is heavily damaged.
The fire elemental hits you. The fire elemental burns you!
You scratch the fire elemental but do no damage.
The fire elemental is moderately damaged.
The fire elemental hits you. The fire elemental burns you!
The fire elemental hits you. The fire elemental burns you!
The fire elemental hits you. The fire elemental burns you!
11190 ||| INVOKING Heroism.
You gain the combat prowess of a mighty hero.
The fire elemental hits you. The fire elemental burns you!
You block the fire elemental's attack. The fire elemental hits you.
The fire elemental burns you!
You miss the fire elemental.
The fire elemental is moderately damaged.
The fire elemental hits you. The fire elemental burns you!
The fire elemental hits you. The fire elemental burns you!
The fire elemental hits you. The fire elemental burns you!
11192 ||| READING 2 scrolls of teleportation.
As you read the scroll of teleportation, it crumbles to dust.
You feel strangely unstable. The fire elemental hits you.
The fire elemental burns you! The fire elemental barely misses you.
The fire elemental hits you. The fire elemental burns you!
11193 ||| DRINKING potion of heal wounds.
You feel much better. The fire elemental hits you.
The fire elemental burns you! The fire elemental barely misses you.
The fire elemental misses you.
You miss the fire elemental.
The fire elemental is moderately damaged.
The fire elemental hits you. The fire elemental burns you!
The fire elemental hits you. The fire elemental burns you!
You block the fire elemental's attack.
You scratch the fire elemental.
The fire elemental is heavily damaged.
The fire elemental closely misses you. x2; The fire elemental hits you.
The fire elemental burns you!
You die...

#P..###..#####.###...#
#.....#..####...###..#
#...##...P##.....#...#
....###..............##
#...##...##P.........P#
#...###..P###.##.P....#
######....##..P####..##
######..#..#..E..P...##
##.#P##........E@......#
................E......#
..............<......#.#
.#.#.................##
...##.................#
......................#
...#.......#.##..##...#
....#.......##...###..##
P...+......#.##..##....#


You could see 3 fire elementals.

Vanquished Creatures
  A boulder beetle (Lair:2)
  A hydra (Lair:4)
  2 catoblepae
  3 death yaks (Lair:4)
  Urug (Lair:3)
  A wolf spider (Lair:1)
  A will-o-the-wisp (Lair:2)
  5 black mambas
  4 elephants (Lair:4)
  A molten gargoyle (Lair:1)
  5 cane toads
  Psyche (D:8)
  6 komodo dragons
  2 rime drakes
  A queen bee (Lair:3)
  2 polar bears
  9 blink frogs
  A slime creature (Lair:4)
  A shadow (D:8)
  6 fire elementals (Lair:4)
  3 wyverns
  6 yaks
  A steam dragon (D:8)
  2 nagas (Lair:3)
  7 water moccasins
  An orc warrior (D:8)
  3 sky beasts
  A black bear (D:4)
  An ice beast (D:8)
  26 wolves
  A phantom (D:5)
  13 bullfrogs
  2 kobold brigands (D:7)
  8 scorpions
  A necrophage (D:6)
  A wight (D:8)
  28 killer bees
  2 howler monkeys (D:8)
  5 jellies
  2 hounds
  4 iguanas
  3 orc priests
  A gnoll bouda (D:5)
  9 orc wizards
  12 hell rats
  13 gnolls
  11 adders
  2 shadow imps
  A white imp (D:8)
  An ufetubus (D:5)
  5 worms
  2 dart slugs
  21 orcs
  10 endoplasms
  2 giant cockroaches
  8 goblins
  8 hobgoblins
  2 jackals (D:2)
  14 kobolds
  2 quokkas
  2 ball pythons
  5 bats
  4 rats
310 creatures vanquished.

Vanquished Creatures (others)
  10 foxfires (Lair:2)
  17 fungi
  15 plants
42 creatures vanquished.

Grand Total: 352 creatures vanquished

Notes
Turn   | Place    | Note
-------+----------+-------------------------------------------
     0 | D:1      | qw the Troll Cinder Acolyte began the quest for the Orb.
     0 | D:1      | Reached XP level 1. HP: 22/22 MP: 1/1
     0 | D:1      | 0 ||| qw: Version: 0.1-a-97-g2dd2ca4
     0 | D:1      | 0 ||| qw: Game counter: 4775
     0 | D:1      | 0 ||| qw: Always use a shield: true
     0 | D:1      | 0 ||| qw: God list: Okawaru
     0 | D:1      | 0 ||| qw: Allow faded altars: false
     0 | D:1      | 0 ||| qw: Do Orc after D:15 true
     0 | D:1      | 0 ||| qw: Do second Lair branch before Depths: true
     0 | D:1      | 0 ||| qw: Lair rune preference: random
     0 | D:1      | 0 ||| qw: Plans: Normal
     0 | D:1      | 0 ||| PLANNING D:1-11
   271 | D:1      | Reached XP level 2. HP: 29/29 MP: 2/2
   655 | D:1      | 655 ||| READING scroll labelled NETEBEU QOJYEM.
   656 | D:1      | 656 ||| READING scroll labelled CAEGRO FIXUE.
   657 | D:1      | 657 ||| READING scroll labelled MENUTZ CIPE.
   662 | D:1      | 662 ||| READING scroll labelled BEUZOS FUO.
   694 | D:2      | 694 ||| STAIRDANCE
   703 | D:2      | 703 ||| INVOKING Fiery Armour.
   706 | D:2      | Reached skill level 4 in Unarmed Combat
   714 | D:2      | Reached XP level 3. HP: 33/36 MP: 3/3
   818 | D:2      | Reached skill level 5 in Unarmed Combat
   818 | D:2      | Reached XP level 4. HP: 44/44 MP: 4/4
  1073 | D:2      | 1073 ||| Stepping ~*~*~tactically~*~*~ (stealth).
  1075 | D:2      | 1075 ||| Stepping ~*~*~tactically~*~*~ (stealth).
  1080 | D:2      | 1080 ||| Stepping ~*~*~tactically~*~*~ (stealth).
  1344 | D:2      | 1344 ||| UPGRADING to amulet of guardian spirit.
  1349 | D:2      | 1349 ||| READING scroll labelled YRUOXK VOLEM.
  1350 | D:2      | 1350 ||| READING scroll labelled XOXITA JIUTRA.
  1366 | D:3      | 1366 ||| Stepping ~*~*~tactically~*~*~ (stealth).
  1371 | D:3      | Reached XP level 5. HP: 50/50 MP: 5/5
  1383 | D:3      | 1383 ||| Stepping ~*~*~tactically~*~*~ (stealth).
  1656 | D:3      | Identified the +8 whip "Birem" {elec, rElec Will+ Str-5
                  | Int+2}
  1674 | D:3      | 1674 ||| Stepping ~*~*~tactically~*~*~ (outnumbered).
  1686 | D:3      | Reached skill level 6 in Unarmed Combat
  1975 | D:3      | Found Zynicw's Assorted Antiques.
  1980 | D:3      | 1980 ||| BUYING blue potion (23 gold).
  1980 | D:3      | Bought a blue potion for 23 gold pieces
  1980 | D:3      | 1980 ||| BUYING cloak (117 gold).
  1980 | D:3      | Bought a cloak for 117 gold pieces
  1980 | D:3      | 1980 ||| SHOPLISTING sapphire ring (130 gold, have 10).
  2339 | D:3      | 2339 ||| UPGRADING to scarf of repulsion.
  2344 | D:3      | 2344 ||| DROPPING amulet of magic regeneration.
  2345 | D:3      | 2345 ||| READING scroll labelled XINEKHE DIUKKO.
  2346 | D:3      | 2346 ||| DRINKING 2 sedimented yellow potions.
  2347 | D:3      | 2347 ||| DRINKING 2 coppery potions.
  2348 | D:3      | 2348 ||| READING 4 scrolls of identify.
  2348 | D:3      | 2348 ||| IDENTIFYING black potion
  2349 | D:3      | 2349 ||| READING 3 scrolls of identify.
  2349 | D:3      | 2349 ||| IDENTIFYING sapphire potion
  2350 | D:3      | 2350 ||| READING 2 scrolls of identify.
  2350 | D:3      | 2350 ||| IDENTIFYING yellow potion
  2351 | D:3      | 2351 ||| DROPPING potion of attraction.
  2352 | D:3      | 2352 ||| DROPPING potion of lignification.
  2366 | D:4      | 2366 ||| STAIRDANCE
  2371 | D:4      | 2371 ||| Stepping ~*~*~tactically~*~*~ (outnumbered).
  2373 | D:4      | 2373 ||| Stepping ~*~*~tactically~*~*~ (outnumbered).
  2376 | D:4      | Reached XP level 6. HP: 49/59 MP: 3/6
  2376 | D:4      | 2376 ||| Stepping ~*~*~tactically~*~*~ (outnumbered).
  2377 | D:4      | 2377 ||| Stepping ~*~*~tactically~*~*~ (outnumbered).
  2378 | D:4      | 2378 ||| Stepping ~*~*~tactically~*~*~ (outnumbered).
  2379 | D:4      | 2379 ||| Stepping ~*~*~tactically~*~*~ (outnumbered).
  2380 | D:4      | 2380 ||| Stepping ~*~*~tactically~*~*~ (outnumbered).
  2381 | D:4      | 2381 ||| Stepping ~*~*~tactically~*~*~ (outnumbered).
  2382 | D:4      | 2382 ||| Stepping ~*~*~tactically~*~*~ (outnumbered).
  2383 | D:4      | 2383 ||| Stepping ~*~*~tactically~*~*~ (outnumbered).
  2384 | D:4      | 2384 ||| Stepping ~*~*~tactically~*~*~ (outnumbered).
  2396 | D:4      | Reached skill level 7 in Unarmed Combat
  2449 | D:4      | 2449 ||| Stepping ~*~*~tactically~*~*~ (stealth).
  2456 | D:4      | 2456 ||| Stepping ~*~*~tactically~*~*~ (stealth).
  2457 | D:4      | 2457 ||| Stepping ~*~*~tactically~*~*~ (stealth).
  2594 | D:4      | 2594 ||| INVOKING Fiery Armour.
  2709 | D:4      | Reached skill level 8 in Unarmed Combat
  2709 | D:4      | Reached XP level 7. HP: 66/66 MP: 7/7
  2723 | D:4      | Found a staircase to the Ecumenical Temple.
  2907 | D:4      | 2907 ||| READING scroll labelled LUTRET GYSS.
  2908 | D:4      | 2908 ||| READING 2 scrolls of identify.
  2908 | D:4      | 2908 ||| IDENTIFYING blue potion
  2909 | D:4      | 2909 ||| DROPPING potion of brilliance.
  2918 | D:5      | Entered Level 5 of the Dungeon
  2922 | D:5      | 2922 ||| Stepping ~*~*~tactically~*~*~ (hiding).
  2969 | D:5      | 2969 ||| INVOKING Fiery Armour.
  2970 | D:5      | 2970 ||| Stepping ~*~*~tactically~*~*~ (outnumbered).
  2976 | D:5      | 2976 ||| Stepping ~*~*~tactically~*~*~ (outnumbered).
  2979 | D:5      | 2979 ||| Stepping ~*~*~tactically~*~*~ (outnumbered).
  2980 | D:5      | 2980 ||| Stepping ~*~*~tactically~*~*~ (outnumbered).
  2981 | D:5      | 2981 ||| Stepping ~*~*~tactically~*~*~ (outnumbered).
  2982 | D:5      | Reached skill level 3 in Fighting
  3235 | D:5      | 3235 ||| INVOKING Fiery Armour.
  3236 | D:5      | 3236 ||| Stepping ~*~*~tactically~*~*~ (outnumbered).
  3237 | D:5      | 3237 ||| Stepping ~*~*~tactically~*~*~ (outnumbered).
  3238 | D:5      | 3238 ||| Stepping ~*~*~tactically~*~*~ (outnumbered).
  3272 | D:5      | Found a snail-covered altar of Cheibriados.
  3425 | D:5      | 3425 ||| Stepping ~*~*~tactically~*~*~ (hiding).
  3471 | D:5      | 3471 ||| UPGRADING to +4 ring of protection.
  3472 | D:5      | 3472 ||| READING scroll labelled ROEPUSHR GECAE.
  3473 | D:5      | 3473 ||| READING 3 scrolls of identify.
  3473 | D:5      | 3473 ||| IDENTIFYING lumpy emerald potion
  3474 | D:5      | 3474 ||| READING 2 scrolls of identify.
  3474 | D:5      | 3474 ||| IDENTIFYING fuming grey potion
  3475 | D:5      | 3475 ||| DROPPING potion of flight.
  3538 | D:6      | Reached skill level 9 in Unarmed Combat
  3546 | D:6      | 3546 ||| Stepping ~*~*~tactically~*~*~ (outnumbered).
  3548 | D:6      | 3548 ||| FLEEEEING.
  3550 | D:6      | 3550 ||| Stepping ~*~*~tactically~*~*~ (outnumbered).
  3558 | D:6      | Reached skill level 1 in Dodging
  3559 | D:6      | 3559 ||| DRINKING potion of curing.
  3559 | D:6      | 3559 ||| (to cure confusion)
  3632 | D:6      | Reached XP level 8. HP: 75/75 MP: 8/8
  3724 | D:6      | Reached skill level 10 in Unarmed Combat
  3870 | D:6      | Found a glowing silver altar of Zin.
  3892 | D:6      | 3892 ||| Stepping ~*~*~tactically~*~*~ (stealth).
  3895 | D:6      | 3895 ||| Stepping ~*~*~tactically~*~*~ (outnumbered).
  3896 | D:6      | 3896 ||| Stepping ~*~*~tactically~*~*~ (outnumbered).
  3900 | D:6      | 3900 ||| Stepping ~*~*~tactically~*~*~ (outnumbered).
  3901 | D:6      | 3901 ||| Stepping ~*~*~tactically~*~*~ (outnumbered).
  3902 | D:6      | 3902 ||| Stepping ~*~*~tactically~*~*~ (outnumbered).
  3903 | D:6      | 3903 ||| Stepping ~*~*~tactically~*~*~ (outnumbered).
  3936 | D:6      | 3936 ||| Stepping ~*~*~tactically~*~*~ (stealth).
  4005 | D:6      | 4005 ||| UPGRADING to +4 ring of slaying {mikee}.
  4006 | D:6      | 4006 ||| READING scroll labelled NUNOUW BUKK.
  4007 | D:6      | 4007 ||| READING 2 scrolls of identify.
  4007 | D:6      | 4007 ||| IDENTIFYING green potion
  4050 | D:7      | 4050 ||| Stepping ~*~*~tactically~*~*~ (stealth).
  4052 | D:7      | 4052 ||| Stepping ~*~*~tactically~*~*~ (stealth).
  4058 | D:7      | 4058 ||| Stepping ~*~*~tactically~*~*~ (stealth).
  4062 | D:7      | 4062 ||| Stepping ~*~*~tactically~*~*~ (outnumbered).
  4100 | D:7      | 4100 ||| Stepping ~*~*~tactically~*~*~ (hiding).
  4293 | D:7      | Found a blossoming altar of Fedhas.
  4307 | D:7      | 4307 ||| INVOKING Fiery Armour.
  4308 | D:7      | HP: 19/78 [killer bee (5)]
  4309 | D:7      | 4309 ||| READING 4 scrolls of teleportation.
  4310 | D:7      | 4310 ||| DRINKING potion of heal wounds.
  4314 | D:7      | Reached skill level 11 in Unarmed Combat
  4389 | D:7      | Found a sacrificial altar of Ru.
  4504 | D:7      | Reached skill level 1 in Throwing
  4513 | D:7      | Found a shimmering altar of Xom.
  4721 | D:7      | 4721 ||| Stepping ~*~*~tactically~*~*~ (stealth).
  4723 | D:7      | 4723 ||| Stepping ~*~*~tactically~*~*~ (stealth).
  4725 | D:7      | 4725 ||| Stepping ~*~*~tactically~*~*~ (hiding).
  4738 | D:7      | Reached XP level 9. HP: 69/84 MP: 6/9
  4738 | D:7      | 4738 ||| FLEEEEING.
  4739 | D:7      | 4739 ||| FLEEEEING.
  4740 | D:7      | 4740 ||| FLEEEEING.
  4741 | D:7      | 4741 ||| FLEEEEING.
  4742 | D:7      | 4742 ||| FLEEEEING.
  4743 | D:7      | 4743 ||| FLEEEEING.
  4744 | D:7      | 4744 ||| FLEEEEING.
  4796 | D:7      | 4796 ||| FLEEEEING.
  4797 | D:7      | 4797 ||| FLEEEEING.
  4798 | D:7      | 4798 ||| FLEEEEING.
  4803 | D:7      | 4803 ||| Stepping ~*~*~tactically~*~*~ (hiding).
  5211 | D:7      | 5211 ||| READING scroll labelled CAZYELL PUUDGH.
  5259 | D:8      | 5259 ||| STAIRDANCE
  5264 | D:8      | 5264 ||| STAIRDANCE
  5269 | D:8      | 5269 ||| STAIRDANCE
  5277 | D:8      | 5277 ||| STAIRDANCE
  5289 | D:8      | 5289 ||| STAIRDANCE
  5299 | D:8      | 5299 ||| STAIRDANCE
  5359 | D:8      | Reached skill level 12 in Unarmed Combat
  5476 | D:8      | Found a staircase to the Lair.
  5491 | D:8      | 5491 ||| Stepping ~*~*~tactically~*~*~ (stealth).
  5521 | D:8      | Noticed Psyche
  5522 | D:8      | 5522 ||| Stepping ~*~*~tactically~*~*~ (stealth).
  5527 | D:8      | Killed Psyche
  5583 | D:8      | 5583 ||| Stepping ~*~*~tactically~*~*~ (hiding).
  5604 | D:8      | Reached skill level 13 in Unarmed Combat
  5647 | D:8      | 5647 ||| Stepping ~*~*~tactically~*~*~ (hiding).
  5805 | D:8      | 5805 ||| Stepping ~*~*~tactically~*~*~ (stealth).
  5806 | D:8      | 5806 ||| Stepping ~*~*~tactically~*~*~ (stealth).
  5878 | D:8      | Found a burning altar of Makhleb.
  6016 | D:8      | Found a broken altar of Ashenzari.
  6153 | D:8      | 6153 ||| PLANNING LAIR
  6153 | D:8      | 6153 ||| UPGRADING to amulet of reflection.
  6163 | D:8      | 6163 ||| DROPPING amulet of guardian spirit.
  6164 | D:8      | 6164 ||| READING 5 scrolls of identify.
  6164 | D:8      | 6164 ||| IDENTIFYING smoky inky potion
  6165 | D:8      | 6165 ||| READING 4 scrolls of identify.
  6165 | D:8      | 6165 ||| IDENTIFYING inky potion
  6166 | D:8      | 6166 ||| DROPPING potion of magic.
  6189 | Lair:1   | Entered Level 1 of the Lair of Beasts
  6203 | Lair:1   | Reached XP level 10. HP: 82/96 MP: 10/10
  6222 | Lair:1   | 6222 ||| Stepping ~*~*~tactically~*~*~ (stealth).
  6316 | Lair:1   | 6316 ||| Stepping ~*~*~tactically~*~*~ (outnumbered).
  6317 | Lair:1   | 6317 ||| Stepping ~*~*~tactically~*~*~ (outnumbered).
  6318 | Lair:1   | 6318 ||| INVOKING Fiery Armour.
  6339 | Lair:1   | Reached skill level 14 in Unarmed Combat
  6379 | Lair:1   | Noticed a molten gargoyle
  6386 | Lair:1   | Killed a molten gargoyle
  6436 | Lair:1   | 6436 ||| UPGRADING to +2 robe of willpower.
  6470 | Lair:1   | 6470 ||| DROPPING +0 robe.
  6494 | Lair:1   | Reached skill level 6 in Fighting
  6688 | Lair:1   | 6688 ||| Stepping ~*~*~tactically~*~*~ (stealth).
  6691 | Lair:1   | 6691 ||| INVOKING Fiery Armour.
  6699 | Lair:1   | 6699 ||| Stepping ~*~*~tactically~*~*~ (stealth).
  6711 | Lair:1   | 6711 ||| Stepping ~*~*~tactically~*~*~ (stealth).
  6746 | Lair:1   | Found a runed translucent door.
  6747 | Lair:1   | Identified the +4 spear of Focus {elec, Str+7 Int+3}
  6747 | Lair:1   | Noticed qw's ghost (journeyman TrCA)
  6849 | Lair:1   | 6849 ||| Stepping ~*~*~tactically~*~*~ (stealth).
  6851 | Lair:1   | 6851 ||| Stepping ~*~*~tactically~*~*~ (stealth).
  6859 | Lair:1   | 6859 ||| Stepping ~*~*~tactically~*~*~ (outnumbered).
  6860 | Lair:1   | 6860 ||| INVOKING Fiery Armour.
  6860 | Lair:1   | Noticed a wolf spider
  6865 | Lair:1   | 6865 ||| Stepping ~*~*~tactically~*~*~ (outnumbered).
  6868 | Lair:1   | 6868 ||| Stepping ~*~*~tactically~*~*~ (outnumbered).
  6869 | Lair:1   | 6869 ||| Stepping ~*~*~tactically~*~*~ (outnumbered).
  6870 | Lair:1   | 6870 ||| Stepping ~*~*~tactically~*~*~ (outnumbered).
  6871 | Lair:1   | Reached skill level 15 in Unarmed Combat
  6872 | Lair:1   | 6872 ||| Stepping ~*~*~tactically~*~*~ (outnumbered).
  6873 | Lair:1   | 6873 ||| Stepping ~*~*~tactically~*~*~ (outnumbered).
  6874 | Lair:1   | 6874 ||| Stepping ~*~*~tactically~*~*~ (outnumbered).
  6875 | Lair:1   | 6875 ||| Stepping ~*~*~tactically~*~*~ (outnumbered).
  6876 | Lair:1   | 6876 ||| Stepping ~*~*~tactically~*~*~ (outnumbered).
  6878 | Lair:1   | Killed a wolf spider
  6883 | Lair:1   | HP: 21/98 [komodo dragon (10)]
  6884 | Lair:1   | 6884 ||| READING 3 scrolls of teleportation.
  6885 | Lair:1   | 6885 ||| DRINKING 2 potions of heal wounds.
  6889 | Lair:1   | Reached XP level 11. HP: 48/105 MP: 11/11
  7261 | Lair:1   | 7261 ||| READING scroll labelled JOCLOPHATA.
  7309 | Lair:1   | 7309 ||| READING scroll labelled ZIRGHY GEMEUSO.
  7310 | Lair:1   | 7310 ||| READING scroll labelled PUOFAX JUUFRI.
  7340 | Lair:2   | 7340 ||| STAIRDANCE
  7397 | Lair:2   | 7397 ||| STAIRDANCE
  7453 | Lair:2   | 7453 ||| STAIRDANCE
  7623 | Lair:2   | Found a staircase to the Swamp.
  7628 | Lair:2   | 7628 ||| Stepping ~*~*~tactically~*~*~ (stealth).
  7629 | Lair:2   | 7629 ||| FLEEEEING.
  7630 | Lair:2   | 7630 ||| FLEEEEING.
  7631 | Lair:2   | 7631 ||| FLEEEEING.
  7632 | Lair:2   | 7632 ||| STAIRDANCE
  7752 | Lair:2   | 7752 ||| Stepping ~*~*~tactically~*~*~ (stealth).
  7927 | Lair:2   | 7927 ||| Stepping ~*~*~tactically~*~*~ (outnumbered).
  7928 | Lair:2   | 7928 ||| Stepping ~*~*~tactically~*~*~ (outnumbered).
  7929 | Lair:2   | 7929 ||| Stepping ~*~*~tactically~*~*~ (outnumbered).
  7938 | Lair:2   | Reached skill level 16 in Unarmed Combat
  8063 | Lair:2   | Noticed a boulder beetle
  8064 | Lair:2   | 8064 ||| INVOKING Fiery Armour.
  8125 | Lair:2   | Killed a boulder beetle
  8412 | Lair:2   | 8412 ||| Stepping ~*~*~tactically~*~*~ (stealth).
  8413 | Lair:2   | 8413 ||| Stepping ~*~*~tactically~*~*~ (stealth).
  8419 | Lair:2   | 8419 ||| Stepping ~*~*~tactically~*~*~ (stealth).
  8525 | Lair:2   | Identified the +1 robe of Idealism {+Inv Dex+5}
  8626 | Lair:3   | 8626 ||| INVOKING Fiery Armour.
  8752 | Lair:3   | Found a staircase to the Snake Pit.
  9016 | Lair:3   | Noticed Urug
  9017 | Lair:3   | 9017 ||| Stepping ~*~*~tactically~*~*~ (hiding).
  9021 | Lair:3   | 9021 ||| INVOKING Fiery Armour.
  9027 | Lair:3   | Killed Urug
  9028 | Lair:3   | Reached skill level 17 in Unarmed Combat
  9109 | Lair:3   | Reached skill level 3 in Throwing
  9167 | Lair:3   | 9167 ||| Stepping ~*~*~tactically~*~*~ (stealth).
  9168 | Lair:3   | 9168 ||| Stepping ~*~*~tactically~*~*~ (stealth).
  9181 | Lair:3   | 9181 ||| INVOKING Fiery Armour.
  9219 | Lair:3   | 9219 ||| Stepping ~*~*~tactically~*~*~ (stealth).
  9243 | Lair:3   | 9243 ||| Stepping ~*~*~tactically~*~*~ (stealth).
  9253 | Lair:3   | Reached XP level 12. HP: 118/118 MP: 12/12
  9346 | Lair:3   | Noticed a catoblepas
  9348 | Lair:3   | 9348 ||| Stepping ~*~*~tactically~*~*~ (stealth).
  9351 | Lair:3   | 9351 ||| Stepping ~*~*~tactically~*~*~ (hiding).
  9353 | Lair:3   | 9353 ||| Stepping ~*~*~tactically~*~*~ (stealth).
  9356 | Lair:3   | 9356 ||| Stepping ~*~*~tactically~*~*~ (outnumbered).
  9364 | Lair:3   | Killed a catoblepas
  9445 | Lair:3   | 9445 ||| PLANNING TEMPLE
  9620 | Temple   | Entered the Ecumenical Temple
  9621 | Temple   | 9621 ||| PLANNING CONVERSION TO OKAWARU
  9627 | Temple   | Fell from the grace of Ignis
  9627 | Temple   | Became a worshipper of Warmaster Okawaru
  9628 | Temple   | 9628 ||| PLANNING LAIR
 10092 | Lair:4   | 10092 ||| STAIRDANCE
 10099 | Lair:4   | 10099 ||| STAIRDANCE
 10105 | Lair:4   | 10105 ||| STAIRDANCE
 10112 | Lair:3   | HP: 26/111 [hell rat (7)]
 10113 | Lair:3   | 10113 ||| READING 3 scrolls of teleportation.
 10114 | Lair:3   | 10114 ||| DRINKING 2 potions of heal wounds.
 10307 | Lair:4   | Noticed a catoblepas
 10308 | Lair:4   | 10308 ||| Stepping ~*~*~tactically~*~*~ (cloud).
 10321 | Lair:4   | Killed a catoblepas
 10323 | Lair:4   | 10323 ||| Stepping ~*~*~tactically~*~*~ (outnumbered).
 10324 | Lair:4   | 10324 ||| Stepping ~*~*~tactically~*~*~ (outnumbered).
 10333 | Lair:4   | 10333 ||| Stepping ~*~*~tactically~*~*~ (stealth).
 10342 | Lair:4   | Reached * piety under Okawaru
 10389 | Lair:4   | Noticed a death yak
 10390 | Lair:4   | 10390 ||| INVOKING Heroism.
 10390 | Lair:4   | Noticed a death yak
 10392 | Lair:4   | Noticed a death yak
 10393 | Lair:4   | 10393 ||| Stepping ~*~*~tactically~*~*~ (stealth).
 10398 | Lair:4   | 10398 ||| Stepping ~*~*~tactically~*~*~ (outnumbered).
 10399 | Lair:4   | 10399 ||| Stepping ~*~*~tactically~*~*~ (outnumbered).
 10400 | Lair:4   | Killed a death yak
 10401 | Lair:4   | Reached skill level 18 in Unarmed Combat
 10403 | Lair:4   | 10403 ||| INVOKING Heroism.
 10404 | Lair:4   | 10404 ||| INVOKING Heroism.
 10405 | Lair:4   | 10405 ||| Stepping ~*~*~tactically~*~*~ (outnumbered).
 10406 | Lair:4   | 10406 ||| Stepping ~*~*~tactically~*~*~ (outnumbered).
 10407 | Lair:4   | 10407 ||| Stepping ~*~*~tactically~*~*~ (outnumbered).
 10408 | Lair:4   | 10408 ||| Stepping ~*~*~tactically~*~*~ (outnumbered).
 10409 | Lair:4   | 10409 ||| Stepping ~*~*~tactically~*~*~ (outnumbered).
 10410 | Lair:4   | 10410 ||| Stepping ~*~*~tactically~*~*~ (outnumbered).
 10414 | Lair:4   | Killed a death yak
 10415 | Lair:4   | Reached skill level 1 in Invocations
 10417 | Lair:4   | 10417 ||| INVOKING Heroism.
 10419 | Lair:4   | Killed a death yak
 10628 | Lair:4   | Found a staircase to the Slime Pits.
 10645 | Lair:4   | 10645 ||| INVOKING Heroism.
 10716 | Lair:4   | 10716 ||| INVOKING Heroism.
 10721 | Lair:4   | 10721 ||| Stepping ~*~*~tactically~*~*~ (outnumbered).
 10722 | Lair:4   | 10722 ||| Stepping ~*~*~tactically~*~*~ (outnumbered).
 10723 | Lair:4   | 10723 ||| Stepping ~*~*~tactically~*~*~ (outnumbered).
 10724 | Lair:4   | 10724 ||| Stepping ~*~*~tactically~*~*~ (outnumbered).
 10725 | Lair:4   | 10725 ||| Stepping ~*~*~tactically~*~*~ (outnumbered).
 10729 | Lair:4   | 10729 ||| Stepping ~*~*~tactically~*~*~ (outnumbered).
 10730 | Lair:4   | 10730 ||| Stepping ~*~*~tactically~*~*~ (outnumbered).
 10734 | Lair:4   | 10734 ||| Stepping ~*~*~tactically~*~*~ (outnumbered).
 10738 | Lair:4   | 10738 ||| Stepping ~*~*~tactically~*~*~ (outnumbered).
 10741 | Lair:4   | 10741 ||| Stepping ~*~*~tactically~*~*~ (outnumbered).
 10742 | Lair:4   | 10742 ||| Stepping ~*~*~tactically~*~*~ (outnumbered).
 10743 | Lair:4   | 10743 ||| Stepping ~*~*~tactically~*~*~ (outnumbered).
 10744 | Lair:4   | 10744 ||| INVOKING Heroism.
 10745 | Lair:4   | 10745 ||| Stepping ~*~*~tactically~*~*~ (outnumbered).
 10746 | Lair:4   | 10746 ||| Stepping ~*~*~tactically~*~*~ (outnumbered).
 10748 | Lair:4   | Reached skill level 3 in Invocations
 10748 | Lair:4   | Reached ** piety under Okawaru
 10785 | Lair:4   | Noticed a five-headed hydra
 10786 | Lair:4   | 10786 ||| FLEEEEING.
 10787 | Lair:4   | 10787 ||| FLEEEEING.
 10788 | Lair:4   | 10788 ||| FLEEEEING.
 10789 | Lair:4   | 10789 ||| FLEEEEING.
 10790 | Lair:4   | 10790 ||| FLEEEEING.
 10791 | Lair:4   | 10791 ||| FLEEEEING.
 10792 | Lair:4   | 10792 ||| FLEEEEING.
 10793 | Lair:4   | 10793 ||| FLEEEEING.
 10794 | Lair:4   | 10794 ||| FLEEEEING.
 10795 | Lair:4   | 10795 ||| FLEEEEING.
 10796 | Lair:4   | 10796 ||| FLEEEEING.
 10797 | Lair:4   | 10797 ||| FLEEEEING.
 10798 | Lair:4   | 10798 ||| FLEEEEING.
 10799 | Lair:4   | 10799 ||| FLEEEEING.
 10800 | Lair:4   | 10800 ||| FLEEEEING.
 10801 | Lair:4   | 10801 ||| INVOKING Heroism.
 10803 | Lair:4   | Killed a seven-headed hydra
 11185 | Lair:4   | 11185 ||| Stepping ~*~*~tactically~*~*~ (outnumbered).
 11190 | Lair:4   | 11190 ||| INVOKING Heroism.
 11191 | Lair:4   | HP: 29/119 [fire elemental[the fiery vengeance of Ignis]
                  | (13)]
 11192 | Lair:4   | 11192 ||| READING 2 scrolls of teleportation.
 11192 | Lair:4   | HP: 14/119 [fire elemental[the fiery vengeance of Ignis]
                  | (1)]
 11192 | Lair:4   | HP: 3/119 [fire elemental[the fiery vengeance of Ignis]
                  | (11)]
 11193 | Lair:4   | 11193 ||| DRINKING potion of heal wounds.
 11195 | Lair:4   | Mangled by a fire elemental

Levels and vault maps discovered:
D:1:      scummos_arrival_simple_fountains, layout_loops_cross, serial_glass,
          glass_columns_a, glass_columns_b, serial_park_tiny_1,
          minmay_misc_feat_tower, minmay_fountain_box, minmay_tromino_i2
D:2:      layout_loops_ring
D:3:      layout_basic, serial_shops, shop_fountains,
          minmay_fractal_squares_gapless_5
D:4:      layout_cave_pools, temple_statues
D:5:      layout_gridville, kennysheep_slug_shrine
D:6:      layout_basic, mainiacjoe_overflow_alcove_1
D:7:      layout_basic, fedhas_altar_2, nicolae_ru_sacrificial_ziggurat,
          overflow_temple_1_default, serial_curves, eino_curves_03,
          eino_curves_04, eino_curves_02
D:8:      layout_loops_ring, kennysheep_mini_moat, lemuel_round_altar,
          dpeg_oklobed_lair, minmay_fractal_squares_diagonal_5, uniq_psyche
Temple:   nicolae_temple_superstar
Lair:1:   layout_gridlike, ebering_ghost_funeral_grove,
          grunt_forest_small_clearings, chequers_serial_rivers_marsh,
          nicolae_lair_run_with_the_wolves
Lair:2:   layout_layer_cave, minmay_swamp_entry_wisps
Lair:3:   layout_roguey, guppyfry_snake_entry_island, special_room
          [special_room_bee], serial_bayou_pond_d, grunt_megastairs_2, uniq_urug
Lair:4:   layout_regular_city, minmay_slime_entry_pillars,
          chequers_serial_rivers_micro_b

Skill      XL: |  1  2  3  4  5  6  7  8  9 10 11 12 |
---------------+-------------------------------------+-----
Unarmed Combat | 4 5 6 8 9 11 13 15 17 18 | 18.1
Fighting       | 3 4 5 6 7 8 |  8.0
Dodging        | 1 2 |  2.0
Throwing       | 1 2 4 5 |  5.2
Invocations    | 3 |  3.9
Spellcasting   | |  1.0
Fire Magic     | |  2.1

Action                   |  1- 3 |  4- 6 |  7- 9 | 10-12 || total
-------------------------+-------+-------+-------+-------++-------
Melee: Unarmed           |    58 |   151 |   258 |   388 ||   855
       Punch             |     2 |     2 |     8 |    30 ||    42
Throw: Boomerang         |       |       |    30 |    28 ||    58
       Javelin           |       |       |       |    39 ||    39
Invok: Fiery Armour      |     1 |     1 |     3 |     7 ||    12
       Heroism           |       |       |       |     8 ||     8
  Use: Scroll            |     4 |     6 |    11 |     6 ||    27
       Potion            |       |     2 |     2 |     3 ||     7
Armor: Robe              |    26 |    40 |    99 |   154 ||   319
       Skin              |       |       |       |     3 ||     3
Dodge: Dodged            |    23 |    53 |    85 |   133 ||   294
       Repelled          |       |       |     1 |     2 ||     3
Block: Other             |       |       |     4 |    94 ||    98

Table legend:
 A = Non-vault XP
 B = Vault XP
 C = Vault XP percentage of total XP
 D = Non-vault monster count
 E = Vault monster count
 F = Vault count percentage of total count
                 A         B        C        D         E       F
            +---------+---------+-------+---------+---------+-------
      Total |   27378 |    7148 |  20.7 |     244 |      60 |  19.7
            +---------+---------+-------+---------+---------+-------
        D:1 |      20 |       1 |   4.8 |      12 |       1 |   7.7
        D:2 |     151 |       0 |   0.0 |      27 |       0 |   0.0
        D:3 |      89 |      36 |  28.8 |      17 |       7 |  29.2
        D:4 |     444 |       0 |   0.0 |      13 |       0 |   0.0
        D:5 |     383 |       4 |   1.0 |      15 |       1 |   6.2
        D:6 |     991 |       0 |   0.0 |      22 |       0 |   0.0
        D:7 |    1131 |       0 |   0.0 |      33 |       0 |   0.0
        D:8 |     983 |     923 |  48.4 |      15 |       6 |  28.6
     Lair:1 |    5484 |    1500 |  21.5 |      31 |       9 |  22.5
     Lair:2 |    3997 |     514 |  11.4 |      17 |       1 |   5.6
     Lair:3 |    4810 |    3795 |  44.1 |      21 |      31 |  59.6
     Lair:4 |    8895 |     375 |   4.0 |      21 |       4 |  16.0
            +---------+---------+-------+---------+---------+-------
